 Dungeon Crawl Stone Soup version 0.31-a0-1458-g2f8d4710b4 (webtiles) character file.

Game seed: 14582633169275224850

1768 hugoak the Carver (level 9, 0/64 HPs)
             Began as an Octopode Chaos Knight on Dec 28, 2023.
             Was a Plaything of Xom.
             Slain by an ice devil (11 damage)
             ... summoned by Xom
             ... on level 5 of the Dungeon.
             The game lasted 00:06:57 (6115 turns).

hugoak the Carver (Octopode Chaos Knight)           Turns: 6115, Time: 00:06:57

Health: 0/64       AC:  1    Str: 12    XL:     9   Next: 7%
Magic:  9/9        EV: 16    Int: 14    God:    Xom [......]
Gold:   322        SH:  0    Dex: 15    Spells: 8/8 levels left

rFire   . . .        a - +0 falchion (chaos)
rCold   . . .        (no shield)
rNeg    + . .        (helmet restricted)
rPois   .            (no amulet)
rElec   .            m - ring of positive energy
rCorr   .            (no ring)
SInv    .            (no ring)
Will    .....        (no ring)
Stlth   ++           (no ring)
HPRegen 0.30/turn    (no ring)
MPRegen 0.11/turn    (no ring)
                     (no ring)

%: no passive effects
@: lethally poisoned (0 -> -49), weak-willed, weakened, studying Long Blades
A: almost no armour, amphibious, 8 rings, camouflage 1, gelatinous body 1,
(nimble swimmer 1), tentacles
a: Renounce Religion


You were on level 5 of the Dungeon.
You worshipped Xom.
You were a very special plaything of Xom.
You visited 1 branch of the dungeon, and saw 5 of its levels.
You also visited: Ossuary.

You collected 322 gold pieces.

Inventory:

Hand Weapons
 a - a +0 falchion of chaos (weapon)
 e - a +2 whip of flaming
 o - a +2 flail of holy wrath
 q - a +2 heavy hand axe
 t - a +0 dagger
 u - a +0 dagger of electrocution
Missiles
 p - 3 boomerangs (quivered)
 w - 3 darts of dispersal
Jewellery
 m - a ring of positive energy (left tentacle)
Talismans
 s - a beast talisman
Wands
 g - a wand of roots (12)
Scrolls
 j - 2 scrolls of identify {@r1}
 k - 2 scrolls of noise
 r - 5 scrolls of vulnerability
Potions
 b - a potion of enlightenment {unknown}
 d - a potion of mutation
 f - 2 potions of might {@q3}
 i - 2 potions of lignification {unknown}
 n - 2 potions of degeneration {unknown}
 v - a potion of curing {unknown}


   Skills:
 + Level 7.2 Fighting
 * Level 8.3 Long Blades
 + Level 6.9 Dodging


You had 8 spell levels left.
You didn't know any spells.
Your spell library contained the following spells:

 Spells                   Type           Power      Damage    Failure   Level
 Anguish                  Hex/Necr       0%         N/A       96%         4
 Cause Fear               Hex            0%         N/A       96%         4
 Enfeeble                 Hex            0%         N/A       100%        7


Dungeon Overview and Level Annotations

Branches:
Dungeon (5/15)             Temple (0/1) D:4         Ossuary (visited)

Altars:
Gozag
Xom

Shops:
D:2 (

Annotations:
D:4 1 runed translucent door, hugoak's ghost, amateur OpCK


Innate Abilities, Weirdness & Mutations

You cannot wear most types of armour.
You are amphibious.
You can wear up to eight rings at the same time.
Your skin changes colour to match your surroundings (Stealth+).
Your rubbery body absorbs attacks. (AC +1, EV +1)
((You are camouflaged when in or above water. (Stealth+)))
You have tentacles for arms and can constrict up to eight enemies at once.


Message History

As you read the scroll labelled HAR QEBRAL, it crumbles to dust.
It is a scroll of enchant armour.
You aren't carrying any armour which can be enchanted further.
Your scorpion zombie hits the ice devil but does no damage.
The ice devil misses you. The orange demon barely misses you. x2
The air fills with toxic fumes!
As you read the scroll labelled RIMNASE BUOL, it crumbles to dust.
It was a scroll of poison.
Xom is highly amused!
Your scorpion zombie completely misses the ice devil.
The ice devil hits you. The ice devil freezes you!
* * * LOW HITPOINT WARNING * * *
The orange demon closely misses you. The orange demon hits you.
* * * LOW HITPOINT WARNING * * *
You feel as though you will be weak longer.
Your scorpion zombie barely misses the ice devil.
The orange demon barely misses you. The ice devil misses you.
You barely miss the ice devil. You grab the ice devil.
You squeeze the ice devil, but do no damage.
You constrict the ice devil, but do no damage.
Your scorpion zombie hits the ice devil.
You hit the ice devil.
The ice devil becomes as fragile as glass!
You constrict the ice devil, but do no damage.
The ice devil misses you. The orange demon stings you from afar.
* * * LOW HITPOINT WARNING * * *
You are lethally poisoned!
The orange demon poisons you!
You hit the ice devil but do no damage.
Lightning courses through the ice devil!
You constrict the ice devil, but do no damage.
* * * LOW HITPOINT WARNING * * *
You feel very sick.
Your scorpion zombie hits the ice devil.
The orange demon stings you from afar.
* * * LOW HITPOINT WARNING * * *
You are more poisoned.
The orange demon poisons you! The ice devil hits you!
You die... "This toy is broken."

... ...... #.....#
......#..#.####...#
..... ### .. #....#
##.. #.##..#### ##.
#.#......## ...
#.###.#........# ...
#..§§§..#.#...##
######...§#§§§#######
###....#.§§§§§54@#
#..# #########Z# ...#
##8# #4# #..##8...
#5# #..##.... #§#
...#>.... #§#
...##.... ####
#.###8.. ## #..#


You could see an orange demon (summoned, weak-willed), an ice devil (summoned,
weak-willed, ally target, vitrified), an iron imp (summoned, weak-willed), a
quasit (summoned, weak-willed) and a friendly scorpion zombie (weak-willed).

Vanquished Creatures
  An ice beast (D:5)
  An orc warrior (D:4)
  A black bear (D:4)
  2 ogres
  2 elf zombies (Ossuary)
  4 scorpions
  A burial acolyte (Ossuary)
  A killer bee (D:4)
  A bombardier beetle (D:4)
  2 centaur zombies (Ossuary)
  3 human zombies (Ossuary)
  4 hounds
  An orc priest (D:3)
  4 iguanas
  Natasha (thrice) (D:2)
  2 orc wizards (D:5)
  2 crocodile zombies (Ossuary)
  A hound zombie (Ossuary)
  3 mummies (Ossuary)
  Robin (D:3)
  4 adders
  4 gnolls
  3 adder zombies (Ossuary)
  A worm (D:2)
  2 dart slugs
  12 orcs
  10 bats
  8 endoplasms
  2 giant cockroaches
  A gnoll zombie (Ossuary)
  12 goblins
  7 hobgoblins
  2 quokkas
  4 ball pythons
  6 ball python zombies (Ossuary)
  2 frilled lizards
  3 jackal zombies (Ossuary)
  8 kobolds
  3 kobold zombies (Ossuary)
  3 orc zombies (Ossuary)
  7 rats
144 creatures vanquished.

Vanquished Creatures (collateral kills)
  A goblin (D:3)
1 creature vanquished.

Grand Total: 145 creatures vanquished

Notes
Turn   | Place    | Note
-------+----------+-------------------------------------------
     0 | D:1      | hugoak the Octopode Chaos Knight began the quest for the
                  | Orb.
     0 | D:1      | Reached XP level 1. HP: 16/16 MP: 1/1
   188 | D:1      | Reached XP level 2. HP: 21/21 MP: 2/2
   343 | D:1      | Reached XP level 3. HP: 21/26 MP: 3/3
   500 | D:1      | XOM: silly message
   972 | D:2      | Reached skill level 4 in Long Blades
  1077 | D:2      | Reached XP level 4. HP: 28/31 MP: 4/4
  1148 | D:2      | Found Soann's Antique Weapon Boutique.
  1204 | D:2      | XOM: silly message
  1475 | D:2      | XOM: 4-stop teleportation journey
  1621 | D:2      | Noticed Natasha
  1626 | D:2      | XOM: butterfly on damage
  1629 | D:2      | Killed Natasha
  1782 | D:2      | XOM: divination: magic mapping
  1865 | D:2      | Found Soann's Antique Weapon Boutique.
  1908 | D:2      | Noticed Natasha
  1916 | D:2      | Killed Natasha
  1917 | D:2      | Reached XP level 5. HP: 31/37 MP: 5/5
  2263 | D:2      | XOM: silly message
  2348 | D:2      | Noticed Natasha
  2355 | D:2      | Killed Natasha
  2494 | D:3      | Found an opulent altar of Gozag.
  2915 | D:3      | XOM is BORED!
  2915 | D:3      | XOM: polymorph rat -> iguana
  2917 | D:3      | XOM: cast spell 'Summon Ice Beast'
  2920 | D:3      | Reached skill level 5 in Long Blades
  2920 | D:3      | Reached XP level 6. HP: 41/43 MP: 6/6
  2951 | D:3      | Noticed Robin
  2982 | D:3      | Killed Robin
  3152 | D:3      | XOM: god gift: 37 gold pieces
  3226 | D:3      | XOM: scenery: create altars
  3334 | D:4      | XOM: cloud trail
  3405 | D:4      | Noticed a black bear
  3410 | D:4      | XOM: smoke on damage
  3519 | D:4      | Noticed an orc warrior
  3537 | D:4      | XOM: confuse monster(s)
  3546 | D:4      | XOM: summons 6 friendly demons
  3554 | D:4      | Killed a black bear
  3565 | D:4      | Killed an orc warrior
  3566 | D:4      | Reached skill level 6 in Long Blades
  3566 | D:4      | Reached XP level 7. HP: 32/49 MP: 7/7
  3850 | D:4      | Found a staircase to the Ecumenical Temple.
  3933 | D:4      | Found a runed translucent door.
  3934 | D:4      | Noticed hugoak's ghost (amateur OpCK)
  4126 | D:4      | Reached skill level 5 in Fighting
  4326 | D:4      | Reached skill level 5 in Dodging
  4361 | D:4      | XOM: cloud trail
  4369 | D:4      | XOM: divination: detect items
  4571 | D:5      | Entered Level 5 of the Dungeon
  4589 | D:5      | Found a sand-covered staircase.
  4600 | Ossuary  | Entered an ossuary
  4630 | Ossuary  | Reached XP level 8. HP: 22/57 MP: 8/8
  4633 | Ossuary  | XOM: 5-stop teleportation journey
  4865 | Ossuary  | XOM: summons 4 hostile shadow creatures
  4920 | Ossuary  | XOM: god gift: fuming yellow potion {god gift}
  4930 | Ossuary  | XOM: divination: detect items
  5401 | D:5      | XOM: snakes to sticks
  5425 | D:5      | Reached skill level 7 in Long Blades
  5690 | D:5      | XOM: 1-stop teleportation journey
  5882 | D:5      | XOM: 2-stop teleportation journey
  5971 | D:5      | Reached XP level 9. HP: 59/64 MP: 9/9
  6006 | D:5      | Reached skill level 8 in Long Blades
  6107 | D:5      | XOM: summons 4 hostile demons
  6108 | D:5      | Noticed an ice devil
  6108 | D:5      | Noticed an orange demon
  6115 | D:5      | Slain by an ice devil

Illustrated notes

Levels and vault maps discovered:
D:1:      dpeg_arrival_fog, layout_loops_ring, minmay_3d_cube
D:2:      layout_loops_corners, serial_shops, shop, uniq_natasha
D:3:      layout_basic, nicolae_gozag_seed_capital, uniq_robin
D:4:      layout_loops_ring, minmay_temple_entry_poolview,
          ebering_ghost_reflecting_pool, minmay_misc_feat_nine_boxes,
          minmay_manual_monstrance
D:5:      layout_cave_pools, nicolae_overflow_hidden_temple,
          chequers_ossuary_entry_cave, serial_library_hellmonk_hallway_b

Skill      XL: |  1  2  3  4  5  6  7  8  9 |
---------------+----------------------------+-----
Long Blades    | 4 5 6 7 8 |  8.3
Dodging        | 3 4 5 6 |  6.9
Fighting       | 4 5 7 |  7.2

Action                     |  1- 3 |  4- 6 |  7- 9 || total
---------------------------+-------+-------+-------++-------
  Melee: Falchion          |    29 |    37 |   205 ||   271
         Tentacles         |     6 |    20 |    65 ||    91
         Constrict         |    13 |    28 |    41 ||    82
         Whip              |    34 |    47 |       ||    81
         Dagger            |       |    17 |       ||    17
         Punch             |       |       |     4 ||     4
  Throw: Boomerang         |       |       |     2 ||     2
    Use: Potion            |       |       |     6 ||     6
         Scroll            |       |       |     6 ||     6
   Stab: Sleeping          |     8 |     5 |     6 ||    19
         Distracted        |       |     1 |     1 ||     2
         Petrified         |       |     5 |       ||     5
         Held in net/web   |       |       |     1 ||     1
         Confused          |       |       |     1 ||     1
 Armour: Skin              |    32 |    37 |   140 ||   209
  Dodge: Dodged            |    35 |    57 |   171 ||   263

Table legend: (Time is in decaauts)
 A = Elapsed time spent in this place.
 B = Non-inter-level travel time spent in this place.
 C = Inter-level travel time spent in this place.
 D = Time resting spent in this place.
 E = Time spent auto-exploring this place.
 F = Levels seen in this place.
 G = Mean time per level.
                   A        B        C        D        E       F      G
               +--------+--------+--------+--------+--------+-----+--------+
         Total |   6117 |   6039 |     78 |    946 |   4060 |   6 | 1019.5 |
       Dungeon |   5322 |   5244 |     78 |    487 |   3986 |   5 | 1064.4 |
       Ossuary |    795 |    795 |      0 |    459 |     74 |   1 |  795.0 |
               +--------+--------+--------+--------+--------+-----+--------+

Top non-repeatable levels by time:
     D:2: 1725 daAuts
     D:4: 1248 daAuts
     D:3: 825 daAuts
 Ossuary: 795 daAuts
     D:1: 777 daAuts
     D:5: 745 daAuts
